 Dungeon Crawl Stone Soup version 0.31.0-11-ge490571c62 (webtiles) character file.

Game seed: 6613488329318745287

93 boopmooplesden the Covered (level 4, -2/38 HPs)
             Began as an Armataur Fighter on Feb 8, 2024.
             Slain by a gnoll
             ... wielding a +0 halberd
             ... led by a gnoll bouda
              (13 damage)
             ... on level 4 of the Dungeon.
             The game lasted 00:04:00 (2138 turns).

boopmooplesden the Covered (Armataur Fighter)       Turns: 2138, Time: 00:04:00

Health: -2/38      AC:  8    Str: 23    XL:     4   Next: 37%
Magic:  4/4        EV:  6    Int:  9    God:
Gold:   140        SH:  4    Dex:  9    Spells: 3/3 levels left

rFire   . . .        a - +0 flail
rCold   . . .        c - +0 buckler
rNeg    . . .        j - +0 chain mail
rPois   .            (no helmet)
rElec   .            (no cloak)
rCorr   .            (no gloves)
SInv    .            (no barding)
Will    .....        (no amulet) Stlth
                     (no ring)
HPRegen 0.26/turn    (no ring)
MPRegen 0.09/turn

%: roll
@: weakened
A: large, deformed body, tough skin 3, armoured tail, roll 1
a: no special abilities


You were on level 4 of the Dungeon.
You visited 1 branch of the dungeon, and saw 4 of its levels.

You collected 140 gold pieces.

Inventory:

Hand Weapons
 a - a +0 flail (weapon)
Armour
 c - a +0 buckler (worn)
 j - a +0 chain mail (worn)
Jewellery
 f - a +6 ring of dexterity
Scrolls
 l - a scroll of vulnerability
Potions
 b - a potion of ambrosia
 d - 2 potions of might
 k - a potion of enlightenment
 n - a potion of resistance {unknown}
 o - a potion of mutation {unknown}


   Skills:
 + Level 3.3 Fighting
 + Level 2.8 Maces & Flails
 + Level 4.3 Armour
 + Level 0.3 Dodging
 + Level 0.1 Stealth
 + Level 3.7 Shields


You had 3 spell levels left.
You didn't know any spells.
Your spell library was empty.

Dungeon Overview and Level Annotations

Branches:
Dungeon (4/15)
 Temple: D:4-7

Altars:

Shops:
D:2 :

Annotations:
D:4 Blork the orc, Pikel


Innate Abilities, Weirdness & Mutations

Armour fits poorly on your strangely shaped body.
You have extremely tough skin. (AC +3)
You have a long armoured tail.
You regenerate magic when rolling toward enemies. (Rampage MPRegen)


Message History

An orc comes into view. It is wielding a +0 morningstar.
The hobgoblin attacks as it pursues you!
The hobgoblin hits you but does no damage.
The lemure barely misses you.
A gnoll bouda and a gnoll come into view.
The endoplasm quivers.
The gnoll bouda shouts!
The gnoll shouts! x2; You hear a shout! x2
The gnoll bouda gazes fiercely through you!
You feel your attacks grow feeble. The lemure attacks as it pursues you!
The lemure hits you.
You hear a shout!
The gnoll bouda barks out a call to the hunt!
The gnolls pick up the pace!
The gnoll enters a dispersal trap!
The gnoll blinks!
The gnoll bouda blinks!
The endoplasm blinks!
The gnoll blinks! x4; The lemure blinks!
The endoplasm blinks!
The hobgoblin blinks!
You blink.
The hobgoblin barely misses you. You block Pikel's attack.
You hear a shout!
You see here a scroll of identify.
Okay, then.
The gnoll barely misses you. Pikel hits you but does no damage.
The lemure hits you. The lemure attacks as it pursues you!
The lemure closely misses you.
The gnoll bouda gazes fiercely through you!
You feel as though you will be weak longer.
The lemure hits you but does no damage. The gnoll barely misses you.
The lemure attacks as it pursues you! You block the lemure's attack.
The gnoll attacks as it pursues you! The gnoll hits you with a +0 flail.
The lemure attacks as it pursues you! The lemure hits you.
The lemure attacks as it pursues you! You block the lemure's attack.
The lemure attacks as it pursues you! The lemure hits you.
The gnoll attacks as it pursues you!
The gnoll hits you from afar with a +0 spear!
* * * LOW HITPOINT WARNING * * *
You block the gnoll's attack. The gnoll hits you but does no damage.
The gnoll hits you but does no damage.
The gnoll bouda gazes fiercely through you!
You feel as though you will be weak longer.
The gnoll hits you from afar with a +0 halberd!
You die...

#..#.<.###...######.
#..........?............
#..#....†#..............
#. #.#.....o.o...?......
# .....###..g...........
#...#.## #..5...........
#...#. #..ggKg....#...
#..... #..5Jgg........
.## #....5.@...#
#...5......#
############


You could see Pikel, 4 lemures, a gnoll bouda, an orc wizard, 3 gnolls, an orc,
an endoplasm, a hobgoblin and a goblin.

Vanquished Creatures
  3 adders (D:2)
  2 dart slugs
  2 ribbon worms
  9 ball pythons
  9 endoplasms
  4 goblins
  7 hobgoblins
  5 quokkas
  A bat (D:3)
  6 frilled lizards
  2 kobolds
  3 rats
53 creatures vanquished.

Notes
Turn   | Place    | Note
-------+----------+-------------------------------------------
     0 | D:1      | boopmooplesden the Armataur Fighter began the quest for the
                  | Orb.
     0 | D:1      | Reached XP level 1. HP: 18/18 MP: 1/1
   232 | D:1      | Reached XP level 2. HP: 25/25 MP: 2/2
   564 | D:1      | Reached skill level 4 in Armour
   656 | D:2      | Found a faded altar of an unknown god.
   673 | D:2      | Reached XP level 3. HP: 27/31 MP: 3/3
   925 | D:2      | Found Dyusoikh's Book Emporium.
  1427 | D:2      | Reached XP level 4. HP: 38/38 MP: 4/4
  2112 | D:4      | Noticed Blork the orc
  2122 | D:4      | Noticed a lemure
  2122 | D:4      | Noticed a lemure
  2123 | D:4      | Noticed Pikel
  2123 | D:4      | Noticed a lemure
  2123 | D:4      | Noticed a lemure
  2138 | D:4      | Slain by a gnoll

Illustrated notes

Levels and vault maps discovered:
D:1:      lightli_arrival_lavapool, layout_basic, minmay_misc_feat_more_columns
D:2:      layout_basic, ebering_ecumenical_altar_box, serial_shops,
          nicolae_shop_rolling_square, chequers_avenue
D:3:      layout_basic
D:4:      layout_rooms, uniq_pikel, uniq_blork_the_orc

Skill      XL: |  1  2 |
---------------+-------+-----
Maces & Flails | 2 |  2.8
Fighting       | 3 |  3.3
Armour         | 4 |  4.3
Dodging        | |  0.3
Stealth        | |  0.1
Shields        | |  3.7

Action                     |  1- 3 |  4- 6 || total
---------------------------+-------+-------++-------
  Melee: Flail             |   122 |    28 ||   150
         Tailslap          |     8 |     4 ||    12
    Use: Scroll            |       |     7 ||     7
 Armour: Scale mail        |    98 |       ||    98
         Chain mail        |       |    33 ||    33
  Dodge: Dodged            |    55 |    15 ||    70
  Block: Buckler           |    29 |    12 ||    41
